 Dungeon Sprint DCSS version 0.17-a0-1550-g78a4890 (webtiles) character file.

607 OdinFK the Fighter (level 7, 0/77 HPs)
             Began as a Minotaur Berserker on July 19, 2015.
             Was a Priest of Trog.
             Slain by Sonja
             ... wielding a +0 short sword of draining
              (1 damage)
             ... in the Dungeon (Sprint I: "Red Sonja").
             The game lasted 00:03:10 (469 turns).

OdinFK the Fighter (Minotaur Berserker)              Turns: 469, Time: 00:03:10

Health: 0/77       AC:  4    Str: 24    XL:     7   Next: 19%
Magic:  6/6        EV: 12    Int:  4    God:    Trog [***...]
Gold:   312        SH:  0    Dex:  9    Spells: 0 memorised, 6 levels left

rFire  + . .     SeeInvis .     a - +0 falchion
rCold  . . .     Clarity  .     k - +2 robe {MR+}
rNeg   . . .     SustAt   .     (no shield)
rPois  .         Gourm    .     (helmet restricted)
rElec  .         Spirit   .     (no cloak)
rCorr  .         Warding  .     (no gloves)
rMut   .         NoTele   +     (no boots)
MR     +....                    (no amulet)
Stlth  +.........               (no ring)
                                l - ring of protection from fire

@: lethally poisoned (0 -> -39), exhausted, slowed, very heavily drained, very
slow, somewhat resistant to hostile enchantments, very unstealthy
A: retaliatory headbutt, horns 2
a: Burn Spellbooks, Berserk, Trog's Hand, Renounce Religion


You were in the Dungeon.
You worshipped Trog.
Trog was most pleased with you.
You were very hungry.

You visited 1 branch You collected 312 gold pieces.

Inventory:

Hand weapons
 a - a +0 falchion (weapon)
Armour
 b - a +0 animal skin
 k - a +2 robe of magic resistance (worn)
Jewellery
 l - a ring of protection from fire (left hand)
Scrolls
 i - a scroll of blinking
Potions
 d - a potion of curing
 f - a potion of haste
 g - 2 potions of magic
 h - a potion of berserk rage
Comestibles
 c - a bread ration


   Skills:
 + Level 12.2(8.0) Fighting
 + Level 11.7(7.4) Long Blades
 + Level 5.8(2.2) Armour
 + Level 6.5(2.8) Dodging
 + Level 0.3(0.0) Stealth


You had 6 spell levels left.
You didn't know any spells.

Dungeon Overview and Level Annotations

Branches:
Dungeon (1/1)

Altars:
Cheibriados
Dithmenos
Elyvilon
Fedhas
Gozag
Kikubaaqudgha
Makhleb
Nemelex Xobeh
Okawaru
Qazlal
Ru
Sif Muna
Trog
Vehumet
Xom
Yredelemnul
Zin
The Shining One
Jiyva

Shops:
D }

Annotations:
D Sonja


Innate Abilities, Weirdness & Mutations

You reflexively headbutt those who attack you in melee.
You have a pair of horns on your head.


Message History

* * * LOW HITPOINT WARNING * * *
You feel as though you will be slow longer.
There is an open door, spattered with blood here.
You see here 2 curare-tipped needles.
You slash Sonja!
Sonja is heavily wounded.
* * * LOW HITPOINT WARNING * * *
You feel very sick.
Sonja unwields an uncursed blowgun.
Sonja wields an uncursed short sword of draining.
You sense an unholy aura.
Sonja hits you with an uncursed short sword of draining.
* * * LOW HITPOINT WARNING * * *
You feel drained.
* * * LOW HITPOINT WARNING * * *
Sonja barely misses you.
Sonja hits you with an uncursed short sword of draining.
* * * LOW HITPOINT WARNING * * *
You feel drained.
You die...

#<.#..').#.)'..#__#
#..'..#..'..#..'..+
#..#####'#####'#__#
#..####..#...#(####$§
#..#__####..##§#§≈§§
#..#_..__##'#§§§≈§§
#⌠⌠#_.∩...'.(.§#§§
####_..._##_(#§# +
#_____###@#.#
#########K### +$.$+
#$.$# ##.## #+#


You could see Sonja.

Vanquished Creatures
  Sigmund (D)
  A slime creature (D)
  A yak (D)
  An ogre (D)
  A jelly (D)
  Ijyb (D)
6 creatures vanquished.

Notes
Turn   | Place    | Note
--------------------------------------------------------------
     0 | D        | OdinFK the Minotaur Berserker began the quest for the Orb.
     0 | D        | Reached XP level 1. HP: 19/19 MP: 0/0
     1 | D        | Noticed Ijyb
     5 | D        | Killed Ijyb
     5 | D        | Reached skill level 5 in Fighting
     5 | D        | Reached skill level 5 in Long Blades
     5 | D        | Reached XP level 2. HP: 30/30 MP: 1/1
     9 | D        | Noticed an ogre
    13 | D        | Killed an ogre
    13 | D        | Acquired Trog's second power
    13 | D        | Reached skill level 7 in Fighting
    13 | D        | Reached XP level 3. HP: 19/40 MP: 2/2
    13 | D        | Reached XP level 4. HP: 22/48 MP: 3/3
   160 | D        | Noticed Sigmund
   165 | D        | Killed Sigmund
   165 | D        | Reached skill level 10 in Fighting
   165 | D        | Reached skill level 10 in Long Blades
   165 | D        | Reached skill level 5 in Armour
   165 | D        | Reached skill level 5 in Dodging
   165 | D        | Reached XP level 5. HP: 58/58 MP: 4/4
   165 | D        | Reached XP level 6. HP: 66/66 MP: 5/5
   218 | D        | Found a snail-covered altar of Cheibriados.
   218 | D        | Found a shadowy altar of Dithmenos.
   218 | D        | Noticed a slime creature
   219 | D        | Found a viscous altar of Jiyva.
   219 | D        | Found a blossoming altar of Fedhas.
   224 | D        | Killed a slime creature
   224 | D        | Reached skill level 11 in Fighting
   247 | D        | Found a deep blue altar of Sif Muna.
   248 | D        | Noticed a jelly
   261 | D        | Killed a jelly
   275 | D        | Found a radiant altar of Vehumet.
   296 | D        | Found Itweuc's Gadget Emporium.
   296 | D        | Found a white marble altar of Elyvilon.
   296 | D        | Found a stormy altar of Qazlal.
   296 | D        | Found a basalt altar of Yredelemnul.
   296 | D        | Found an iron altar of Okawaru.
   296 | D        | Found a sparkling altar of Nemelex Xobeh.
   296 | D        | Found a shimmering altar of Xom.
   296 | D        | Found an ancient bone altar of Kikubaaqudgha.
   296 | D        | Noticed a yak
   303 | D        | Killed a yak
   303 | D        | Reached skill level 12 in Fighting
   303 | D        | Reached XP level 7. HP: 36/77 MP: 6/6
   304 | D        | Found a burning altar of Makhleb.
   304 | D        | Found a sacrificial altar of Ru.
   304 | D        | Found a glowing golden altar of the Shining One.
   304 | D        | Found an opulent altar of Gozag.
   304 | D        | Found a glowing silver altar of Zin.
   305 | D        | Found a bloodstained altar of Trog.
   451 | D        | Noticed Sonja
   469 | D        | HP: 1/77 [Sonja/uncursed short sword of draining (4)]
   469 | D        | Slain by Sonja

Vault maps used:
D:        dungeon_sprint_1

Action                   |  1- 3 |  4- 6 |  7- 9 || total
-------------------------+-------+-------+-------++-------
Melee: Falchion          |     6 |    20 |     5 ||    31
Invok: Berserk           |     1 |     1 |     1 ||     3
  Use: Potion            |       |       |     1 ||     1
